 Dungeon Crawl Stone Soup version 0.31.0 (webtiles) character file.

Game seed: 5950063397562138694

58 qw the Shooter (level 4, -2/28 HPs)
             Began as a Gargoyle Hunter on Jan 20, 2024.
             Splashed by a jelly's acid (9 damage)
             ... on level 2 of the Dungeon.
             The game lasted 00:00:03 (1175 turns).

qw the Shooter (Gargoyle Hunter)                    Turns: 1175, Time: 00:00:03

Health: -2/28      AC:  8    Str: 14    XL:     4   Next: 1%
Magic:  4/4        EV: 11    Int: 10    God:
Gold:   101        SH:  0    Dex: 15    Spells: 3/3 levels left

rFire   . . .        a - +0 shortbow
rCold   . . .        (shield currently unavailable)
rNeg    + . .        c - +0 leather armour
rPois   inf          (no helmet)
rElec   +            f - +1 cloak
rCorr   .            (no gloves)
SInv    .            (no boots)
Will    .....        (no amulet)
Stlth   ++           (no ring)
HPRegen 0.24/turn    (no ring)
MPRegen 0.09/turn

%: no passive effects
@: no status effects
A: sickness immunity, AC +3, negative energy resistance 1, electricity
resistance, torment resistance 1, petrification resistance
a: no special abilities


You were on level 2 of the Dungeon.
You visited 1 branch of the dungeon, and saw 2 of its levels.

You collected 101 gold pieces.


Innate Abilities, Weirdness & Mutations

You are immune to sickness and miasma.
Your stone body is resilient. (AC +3)
You are immune to poison.
You resist negative energy. (rN+)
You are resistant to electric shocks. (rElec)
You are resistant to unholy torment.
You are immune to petrification.


   Skills:
 - Level 3.2 Fighting
 + Level 5.0 Ranged Weapons
 - Level 1.5 Dodging
 - Level 1.1 Stealth


You had 3 spell levels left.
You didn't know any spells.
Your spell library was empty.

Inventory:

Hand Weapons
 a - a +0 shortbow (weapon)
Armour
 b - a +0 helmet
 c - a +0 leather armour (worn)
 f - a +1 cloak (worn)
Scrolls
 d - a scroll of teleportation
 j - a scroll of amnesia {unknown}
 l - a scroll of identify {unknown}
Potions
 e - a potion of curing {unknown}
 g - a potion of lignification {unknown}
 h - a potion of berserk rage {unknown}
 i - a potion of might {unknown}
 k - a potion of attraction {unknown}

Dungeon Overview and Level Annotations

Branches:
Dungeon (2/15)

Altars:
Dithmenos
Elyvilon
Fedhas
Hepliaklqana
Xom
Yredelemnul


Message History

The endoplasm is severely wounded.
The endoplasm quivers.
The endoplasm barely misses you. x2
You shoot an arrow. The arrow hits the jelly.
The jelly is lightly wounded.
The endoplasm barely misses you.
The endoplasm hits the fungus.
The fungus begins to die.
The endoplasm hits the fungus.
The fungus begins to die.
You shoot an arrow. The arrow hits the jelly.
The jelly is moderately wounded.
The jelly barely misses you. The endoplasm closely misses you.
The endoplasm hits the fungus. x2
You shoot an arrow.
The arrow hits the jelly but does no damage.
The jelly is moderately wounded.
The endoplasm freezes you.
You are frozen.
The jelly closely misses you.
The endoplasm hits the toadstool.
The toadstool is destroyed!
The endoplasm hits the fungus. x2
You shoot an arrow. The arrow hits the jelly.
The jelly is severely wounded.
The endoplasm quivers.
The endoplasm freezes you.
You are frozen.
The jelly barely misses you.
You shoot an arrow. The arrow hits the jelly.
You kill the jelly!
A nearby fungus withers and dies. x2; The endoplasm hits you.
The jelly barely misses you.
The endoplasm jiggles.
The endoplasm hits you but does no damage.
The jelly misses you. The endoplasm freezes you.
You are frozen.
Your Fighting skill increases to level 3!
You have reached level 4!
You feel clever.
You shoot an arrow. The arrow hits the jelly!
The jelly is severely wounded.
The endoplasm freezes you.
You are frozen.
The jelly hits you.
You are splashed with acid!
You die...

#.......####.#####
#.......# #.#
#.......# #.#
#.......# #.#
#....#### ##.#
#....'..###..#
########.#####
##).....##
#@#######
#JJJJ.....
#.JJJ.%... #
#..%_._... ##
#..%....%. ##.
#.P._._..% #..
#..._%_..$ ##.
########## ##


You could see a jelly and 6 endoplasms.

Vanquished Creatures
  A jelly (D:2)
  A ball python (D:1)
  5 bats
  An endoplasm (D:2)
  A giant cockroach (D:1)
  3 goblins (D:1)
  5 hobgoblins
  2 quokkas
  A frilled lizard (D:2)
  7 kobolds
  A rat (D:1)
28 creatures vanquished.

Notes
Turn   | Place    | Note
-------+----------+-------------------------------------------
     0 | D:1      | qw the Gargoyle Hunter began the quest for the Orb.
     0 | D:1      | Reached XP level 1. HP: 12/12 MP: 1/1
     0 | D:1      | 0 ||| qw: Version: 0.3-a-132-g3d54051
     0 | D:1      | 0 ||| qw: Game counter: 426
     0 | D:1      | 0 ||| qw: Melee chars always use a shield: true
     0 | D:1      | 0 ||| qw: God list: Okawaru
     0 | D:1      | 0 ||| qw: Allow faded altars: false
     0 | D:1      | 0 ||| qw: Do Orc after clearing Dungeon:15 true
     0 | D:1      | 0 ||| qw: Do second Lair branch before Depths: true
     0 | D:1      | 0 ||| qw: Lair rune preference: random
     0 | D:1      | 0 ||| qw: Goals: Normal
     0 | D:1      | 0 ||| PLANNING D:1-11
   241 | D:1      | Reached XP level 2. HP: 17/17 MP: 2/2
   628 | D:1      | 628 ||| UPGRADING to +1 cloak.
   633 | D:1      | 633 ||| READING 2 scrolls labelled MEPNEXT CAGGA.
   636 | D:1      | 636 ||| READING scroll labelled PELOSTR MOHAAGO.
   737 | D:1      | 737 ||| READING scroll labelled HAURPH SYTU.
   738 | D:1      | 738 ||| DROPPING scroll of butterflies.
  1048 | D:2      | Reached XP level 3. HP: 21/21 MP: 3/3
  1121 | D:2      | Reached skill level 5 in Ranged Weapons
  1127 | D:2      | 1127 ||| FLEEEEING.
  1168 | D:2      | Found a blossoming altar of Fedhas.
  1168 | D:2      | Found a hazy altar of Hepliaklqana.
  1168 | D:2      | Found a basalt altar of Yredelemnul.
  1168 | D:2      | Found a shimmering altar of Xom.
  1168 | D:2      | Found a shadowy altar of Dithmenos.
  1168 | D:2      | Found a white marble altar of Elyvilon.
  1175 | D:2      | Reached skill level 3 in Fighting
  1175 | D:2      | Reached XP level 4. HP: 8/28 MP: 4/4
  1175 | D:2      | HP: 7/28 [jelly (1)]
  1175 | D:2      | Splashed by a jelly's acid

Levels and vault maps discovered:
D:1:      enne_arrival_octagon_isle, layout_loops_ring
D:2:      cheibrodos_fertilizer, layout_loops_ring,
          ebering_ecumenical_altar_mist, reono_crystal_passage, dk_vineyard_2,
          minmay_parallelograms

Skill      XL: |  1  2  3 |
---------------+----------+-----
Ranged Weapons | 5 |  5.0
Fighting       | 3 |  3.2
Dodging        | |  1.5
Stealth        | |  1.1

Action                     |  1- 3 |  4- 6 || total
---------------------------+-------+-------++-------
   Fire: Shortbow          |    84 |     1 ||    85
    Use: Scroll            |     3 |       ||     3
 Armour: Leather armour    |    24 |     1 ||    25
  Dodge: Dodged            |    30 |       ||    30

Table legend:
 A = Non-vault XP
 B = Vault XP
 C = Vault XP percentage of total XP
 D = Non-vault monster count
 E = Vault monster count
 F = Vault count percentage of total count
                 A         B        C        D         E       F
            +---------+---------+-------+---------+---------+-------
      Total |      35 |      48 |  57.8 |      21 |       7 |  25.0
            +---------+---------+-------+---------+---------+-------
        D:1 |      26 |       0 |   0.0 |      15 |       0 |   0.0
        D:2 |       9 |      48 |  84.2 |       6 |       7 |  53.8
            +---------+---------+-------+---------+---------+-------
